 Dungeon Crawl Stone Soup version 0.30-a0-918-g0ff054e9dc (webtiles) character file.

Game seed: 9400972527189474707

70 Iich the Trooper (level 4, 37/37 HPs)
             Began as a Demonspawn Fighter on Mar 20, 2023.
             Got out of the dungeon alive.
             The game lasted 00:02:08 (1022 turns).

Iich the Trooper (Demonspawn Fighter)               Turns: 1022, Time: 00:02:09

Health: 37/37      AC:  6    Str: 16    XL:     4   Next: 3%
Magic:  4/4        EV:  7    Int:  9    God:
Gold:   48         SH:  8    Dex: 15    Spells: 3/3 levels left

rFire   . . .      SeeInvis .    a - +0 war axe
rCold   . . .      Faith    .    e - +0 kite shield
rNeg    . . .      Spirit   .    b - +0 scale mail
rPois   .          Reflect  .    (helmet restricted)
rElec   .          Rampage  .    (no cloak)
rCorr   .                        (no gloves)
Will    .....                    (no boots) Stlth
                                 (no amulet)
HPRegen 0.26/turn                (no ring)
MPRegen 0.09/turn                (no ring)

@: no status effects
A: horns 1, demonic guardian 1
a: no special abilities


You escaped.
You visited 1 branch of the dungeon, and saw 2 of its levels.

You collected 48 gold pieces.

Inventory:

Hand Weapons
 a - a +0 war axe (weapon)
Armour
 b - a +0 scale mail (worn)
 c - a +0 buckler
 e - a +0 kite shield (worn)
Scrolls
 h - a scroll of fog
 i - a scroll of enchant weapon {unknown}
 j - a scroll of immolation
 B - a scroll of blinking
Potions
 d - a potion of might
 f - a potion of curing {unknown}
 g - a potion of lignification
 k - a potion of berserk rage {unknown}


   Skills:
 + Level 3.7 Fighting
 * Level 3.4 Axes
 - Level 2.6 Armour
 - Level 2.6 Shields


You had 3 spell levels left.
You didn't know any spells.
Your spell library was empty.

Dungeon Overview and Level Annotations

Branches:
Dungeon (2/15)

Altars:


Innate Abilities, Weirdness & Mutations

You have a pair of small horns on your head.
A weak demonic guardian rushes to your aid.


Message History

You kill the endoplasm!
You barely miss Jessica.
Jessica mumbles some strange words.
Jessica seems to speed up.
The adder barely misses you.
You slash Jessica! Your headbutt misses Jessica.
Jessica is almost dead.
You closely miss the adder. Jessica hits you with a +0 dagger.
The adder barely misses you. Jessica hits you with a +0 dagger.
You block the adder's attack. Jessica hits you but does no damage.
You take 4 damage, and have 25/29 hp.
You hit Jessica.
You kill Jessica!
You hit the adder. The adder bites you but does no damage.
The adder closely misses you.
Your Axes skill increases to level 3!
You hit the adder but do no damage.
The adder is moderately wounded.
The adder bites you. x2
You take 3 damage, and have 22/29 hp.
Unknown command.
You slash the adder!
The adder is almost dead.
The adder bites you. The adder bites you but does no damage.
You hit the adder.
You kill the adder!
You have reached level 4!
You feel agile.
You regained 6 hp, and now have 28/37 hp.
MP restored: 4
(D) Dungeon
Where to? (Enter - D:2, ? - help)
What level of the Dungeon? (default 1, ? - help)
There is an open door here.
There is a stone staircase leading up here.
You climb upwards.
There is a stone staircase leading down here.
There is a staircase leading out of the dungeon here.
Health restored: 37 Are you sure you want to leave the Dungeon?
This will make you lose the game!
You have escaped!

.#......># #.......## #......
.#)####..###.#####..# #.#####
.#.## #.......## ##.# #.# # ....#
#.##...#.###.## #.# # .#..#
#.##.####.#.## #### #.# # .#..#
#(##.## ##.## ##..# #.# # .#..#
#.###.###.#.###.#.###.# #
.#..###.####.#.#.#(#.##.....# #
..........###.#.@.#.######### #
....###...##.#.#.#.#.## #
.##.#######.###.#.###.## ###
...........## ##.## ##.# #..
......####..###.#.####.########.#
.##.#........#.###.#.............
.##.#######...## ##..###########.
....#######..## ##.# ##
.####........# #.#


There were no monsters in sight!

Vanquished Creatures
  Jessica (D:2)
  2 adders (D:2)
  5 endoplasms
  A giant cockroach (D:1)
  4 jackals (D:1)
  A quokka (D:1)
  2 ball pythons (D:1)
  3 bats
  A frilled lizard (D:1)
  3 goblins (D:1)
  2 kobolds (D:1)
  A rat (D:1)
26 creatures vanquished.

Notes
Turn   | Place    | Note
-------+----------+-------------------------------------------
     0 | D:1      | Iich the Demonspawn Fighter began the quest for the Orb.
     0 | D:1      | Reached XP level 1. HP: 18/18 MP: 1/1
   195 | D:1      | Gained mutation: You have a pair of small horns on your
                  | head. [demonic ancestry]
   195 | D:1      | Reached XP level 2. HP: 22/24 MP: 2/2
   832 | D:2      | Gained mutation: A weak demonic guardian rushes to your
                  | aid. [demonic ancestry]
   832 | D:2      | Reached XP level 3. HP: 11/29 MP: 3/3
   937 | D:2      | Noticed Jessica
   944 | D:2      | Killed Jessica
   948 | D:2      | Reached XP level 4. HP: 28/37 MP: 4/4
  1022 | D:$      | Got out of the dungeon alive.

Illustrated notes

Levels and vault maps discovered:
D:1:      minmay_arrival_diagonal_passages, layout_loops_ring,
          nicolae_figureground_sparkle
D:2:      layout_basic, basic_altar, shapermc_ecumenical_altar_venn,
          uniq_jessica

Skill      XL: |  1  2  3 |
---------------+----------+-----
Axes           | 2 3 |  3.4
Fighting       | |  3.7
Armour         | |  2.6
Shields        | |  2.6

Action                     |  1- 3 |  4- 6 || total
---------------------------+-------+-------++-------
  Melee: War axe           |    65 |       ||    65
         Headbutt          |     6 |       ||     6
    Use: Scroll            |     4 |       ||     4
 Armour: Scale mail        |    33 |       ||    33
  Dodge: Dodged            |    22 |       ||    22
  Block: Buckler           |     9 |       ||     9
         Kite shield       |    13 |       ||    13

Table legend: (Time is in decaauts)
 A = Elapsed time spent in this place.
 B = Non-inter-level travel time spent in this place.
 C = Inter-level travel time spent in this place.
 D = Time resting spent in this place.
 E = Time spent auto-exploring this place.
 F = Levels seen in this place.
 G = Mean time per level.
                   A        B        C        D        E       F      G
               +--------+--------+--------+--------+--------+-----+--------+
         Total |   1053 |    967 |     86 |      0 |    784 |   2 |  526.5 |
       Dungeon |   1053 |    967 |     86 |      0 |    784 |   2 |  526.5 |
               +--------+--------+--------+--------+--------+-----+--------+

Top non-repeatable levels by time:
     D:1: 737 daAuts
     D:2: 316 daAuts
